 Dungeon Crawl Stone Soup version 0.23.2-1-ga50397a (webtiles) character file.

Game seed: 9166604456424119819

27136 spiff the Slicer (level 13, -11/113 HPs)
             Began as a White Draconian Conjurer on May 5, 2019.
             Was a Follower of Ashenzari.
             Hit by a javelin of penetration thrown by a minotaur (28 damage)
             ... in a Gauntlet.
             The game lasted 01:05:52 (21067 turns).

spiff the Slicer (White Draconian Conjurer)        Turns: 21067, Time: 01:05:53

Health: -11/113    AC: 15    Str:  9    XL:     13   Next: 2%
Magic:  3/20       EV: 16    Int: 18    God:    Ashenzari [*.....]
Gold:   755        SH:  0    Dex: 14    Spells: 19/22 levels left

rFire    . . .     SeeInvis +   t - +1 dagger (venom)
rCold    + . .     Gourm    .   (no shield)
rNeg     . . .     Faith    .   (armour unavailable)
rPois    .         Spirit   .   (helmet restricted)
rElec    .         Reflect  .   m - +2 cloak {+Inv} (curse)
rCorr    .         Harm     .   e - +0 pair of gloves
MR       ++...     NoTele   +   H - +2 pair of boots "Hoomimi" {MR+} (curse)
Stlth    ++++......             y - amulet of regeneration
HPRegen  0.68/turn              x - ring of see invisible
MPRegen  0.17/turn              C - ring of protection from magic

@: very slightly contaminated
A: breathe frost, unfitting armour, blurry vision 1, cold resistance 1, weak 1,
cold-blooded, AC +8
a: Breathe Frost, Curse Item, Scrying, Renounce Religion, Evoke Invisibility


You were in a Gauntlet.
You worshipped Ashenzari.
Ashenzari was aware of your devotion.
You were near starving.

You visited 3 branches of the dungeon, and saw 14 of its levels.
You also visited: Sewer and Gauntlet.

You collected 755 gold pieces.

Inventory:

Hand Weapons
 o - a +4 dagger
 t - a +1 dagger of venom (weapon)
Armour
 e - a +0 pair of gloves (worn)
 l - a scarf of resistance
 m - a cursed +2 cloak of invisibility (worn)
 n - a cursed +2 pair of gloves
 q - a +0 pair of gloves of dexterity
 H - the cursed +2 pair of boots "Hoomimi" (worn) {MR+}
   (You found it in a Gauntlet)

   It affects your resistance to hostile enchantments.
   It has a curse placed upon it.
Jewellery
 x - a ring of see invisible (left hand)
 y - an amulet of regeneration (around neck)
 C - a ring of protection from magic (right hand)
 I - an uncursed ring of ice
Wands
 a - a wand of paralysis (19)
 s - a wand of iceblast (7)
 E - a wand of random effects (22)
 F - a wand of scattershot (4)
 K - a wand of digging (7)
 M - a wand of disintegration (19)
 N - a wand of polymorph (2)
Scrolls
 c - 3 scrolls of enchant weapon
 d - 6 scrolls of teleportation
 f - 2 scrolls of random uselessness
 g - 2 scrolls of remove curse
 h - 3 scrolls of magic mapping
 j - 5 scrolls of identify
 u - 3 scrolls of enchant armour
 z - a scroll of amnesia
 G - a scroll of blinking
Potions
 i - 7 potions of flight
 k - 3 potions of cancellation
 p - a potion of ambrosia
 r - a potion of haste
 v - 5 potions of heal wounds
 w - a potion of magic
 A - 2 potions of might
 B - 2 potions of agility
 D - 4 potions of curing
Comestibles
 b - 15 rations


   Skills:
 - Level 10.0 Fighting
 - Level 10.0 Short Blades
 - Level 7.0 Dodging
 - Level 10.0 Stealth
 - Level 5.0 Spellcasting
 + Level 7.8 Conjurations
 - Level 10.0 Evocations


You had 19 spell levels left.
You knew the following spells:

 Your Spells              Type           Power        Failure   Level  Hunger
a - Magic Dart            Conj           ####         1%          1    None
b - Searing Ray           Conj           ####..       1%          2    #......

Your spell library contained the following spells:

 Spells                   Type           Power        Failure   Level  Hunger
 Flame Tongue             Conj/Fire      ###..        2%          1    None
 Throw Flame              Conj/Fire      ###...       4%          2    #......
 Iskenderun's Mystic Bla  Conj           ####....     5%          4    ####...
 Conjure Flame            Conj/Fire      ###.....     8%          3    ##.....
 Dazzling Spray           Conj/Hex       ###...       8%          3    ##.....
 Beastly Appendage        Tmut           #.....       13%         1    None
 Sticks to Snakes         Tmut           #.......     21%         2    #......
 Force Lance              Conj/Tloc      ###.....     26%         4    ####...
 Fulminant Prism          Conj/Hex       ###.......   26%         4    ####...
 Sticky Flame             Conj/Fire      ###.....     26%         4    ####...
 Inner Flame              Hex/Fire       #.......     36%         3    ##.....
 Spider Form              Tmut/Pois      #.........   36%         3    ##.....
 Fireball                 Conj/Fire      ###.......   58%         5    ######.
 Bolt of Magma            Conj/Fire/Erth ##........   77%         5    ######.
 Ice Form                 Ice/Tmut       #.......     78%         4    ####...
 Leda's Liquefaction      Hex/Erth       #.........   78%         4    ####...
 Blade Hands              Tmut           #.........   98%         5    ######.
 Iron Shot                Conj/Erth      ###.......   99%         6    #######
 Statue Form              Tmut/Erth      #........    100%        6    #######
 Shatter                  Erth           #.........   100%        9    #######


Dungeon Overview and Level Annotations

Branches:
Dungeon (8/15)             Temple (1/1) D:7            Lair (5/6) D:8
  Swamp (0/4) Lair:4        Snake (0/4) Lair:4
  Slime: Lair:5-6

Altars:
Ashenzari
Cheibriados
Dithmenos
Elyvilon
Fedhas
Gozag
Hepliaklqana
Kikubaaqudgha
Makhleb
Nemelex Xobeh
Okawaru
Qazlal
Ru
Sif Muna
Trog
Uskayaw
Vehumet
Wu Jian
Xom
Yredelemnul
Zin

Shops:
D:6 }   D:7 %

Annotations:
D:5 Edmund
Lair:1 exclusion: hydra
Lair:5 night's ghost, journeyman GrGl Gauntlet 8 transporters, exclusion: ice statue


Innate Abilities, Weirdness & Mutations

You can breathe waves of freezing cold.
You can buffet flying creatures when you breathe cold.
Your icy white scales are hard. (AC +8)
You cannot fit into any form of body armour.
Your flesh is cold resistant. (rC+)
You are cold-blooded and may be slowed by cold attacks.
Scrolls take you a little longer to read.
You are weak. (Str -2)


Message History

The minotaur gores you but does no damage.
There is an open door here.
You flicker for a moment.
The minotaur hits you with the +8 Wrath of Trog {antimagic, *Rage}!!
* * * LOW HITPOINT WARNING * * *
The minotaur gores you but does no damage.
You hear a bellow!
You flicker back into view.
You hear a bellow!
You hear a bellow!
You hear a bellow! x2
You hear a bellow!
The minotaur throws a javelin of penetration.
The javelin of penetration pierces through you!
* * * LOW HITPOINT WARNING * * *
Okay, then.
You see here a javelin of penetration.
The minotaur throws a javelin of penetration.
The javelin of penetration pierces through you!!
You die...

#######'###### #.......H.....#
#.###.###.###.# #.###.###.###.#
#.............# ###.###.###.##
#####.###.###.#####
#≈..........H....≈# ###
#8.8.8@8.8.8.8.8.8# #8#
#≈......(........≈# 8
##########.#########.########
#≈.......#.#..≈∩§..#.#.......
###........#©#.......#©#.......
#8#..###########...###########.
###..#...G....G#...#.........#.
#....#.#.##.##.#...#.#.....#.#.
###....#...#.....#...#[.##)##..#.


You could see a minotaur and 2 glowing orange brains.

Vanquished Creatures
  Fannar (Lair:2)
  3 death yaks
  Sonja (Lair:3)
  2 black mambas
  2 wizards (Gauntlet)
  A lindwurm (Lair:5)
  2 torpor snails
  16 spiny frogs
  6 komodo dragons
  A tyrant leech (Lair:4)
  4 hornets
  7 hippogriffs
  Prince Ribbit (D:8)
  2 blink frogs
  4 dream sheep (Lair:4)
  2 wyverns
  21 yaks
  A spriggan (D:7)
  A basilisk (D:8)
  A hungry ghost (D:8)
  2 swamp worms (Lair:4)
  8 water moccasins
  Duvessa (D:5)
  10 porcupines
  An orc warrior (D:7)
  An ice beast (D:7)
  2 sky beasts
  22 wolves
  3 centaurs
  An ogre (D:8)
  2 big kobolds
  11 crocodiles
  8 bullfrogs
  A wyvern zombie (D:8)
  Dowan (D:5)
  4 killer bees (D:7)
  3 wights (D:8)
  A centaur zombie (D:6)
  2 crimson imps
  5 hounds
  A bullfrog zombie (D:5)
  Crazy Yiuf (D:3)
  An orc priest (D:5)
  5 orc wizards
  Natasha (thrice) (D:2)
  An iguana (D:8)
  4 worker ants
  A killer bee zombie (D:7)
  A worker ant zombie (D:6)
  A howler monkey skeleton (D:4)
  7 adders
  2 river rats (Sewer)
  2 shadow imps
  4 white imps (Gauntlet)
  An ooze (D:2)
  2 adder zombies (D:6)
  3 worms (D:3)
  2 dart slugs
  3 leopard geckos
  13 orcs
  5 bats
  4 giant cockroaches
  6 goblins
  2 hobgoblins
  10 jackals
  11 kobolds
  2 quokkas
  2 ball pythons
  2 frilled lizards
  6 rats
276 creatures vanquished.

Vanquished Creatures (collateral kills)
  3 blink frogs (Lair:2)
3 creatures vanquished.

Vanquished Creatures (others)
  3 wolves
  A shadow imp (Gauntlet)
  2 bushes (D:8)
  8 fungi
  22 plants
36 creatures vanquished.

Grand Total: 315 creatures vanquished

Notes
Turn   | Place    | Note
-------+----------+-------------------------------------------
     0 | D:1      | spiff the Draconian Conjurer began the quest for the Orb.
     0 | D:1      | Reached XP level 1. HP: 14/14 MP: 3/3
   502 | D:1      | Reached XP level 2. HP: 20/20 MP: 0/5
   558 | D:1      | Learned a level 2 spell: Searing Ray
  1452 | D:2      | Noticed Natasha
  1464 | D:2      | Killed Natasha
  1464 | D:2      | Reached XP level 3. HP: 20/26 MP: 0/6
  1675 | D:2      | Noticed Natasha
  1679 | D:2      | Killed Natasha
  1679 | D:2      | Reached XP level 4. HP: 30/33 MP: 1/7
  1749 | D:2      | Noticed Natasha
  1755 | D:2      | Killed Natasha
  1755 | D:2      | Reached skill level 5 in Conjurations
  2240 | D:3      | Found a runed translucent door.
  2241 | D:3      | Noticed Crazy Yiuf
  2506 | D:3      | Reached XP level 5. HP: 23/38 MP: 1/9
  3514 | D:3      | Killed Crazy Yiuf
  4385 | D:4      | Reached XP level 6. HP: 45/45 MP: 3/10
  4468 | D:4      | Reached skill level 1 in Evocations
  4614 | D:5      | Entered Level 5 of the Dungeon
  5047 | D:5      | Reached skill level 1 in Short Blades
  5157 | D:5      | Noticed Duvessa
  5435 | D:5      | Noticed Dowan
  5593 | D:5      | Your scales start taking on an icy white colour.
  5593 | D:5      | Reached XP level 7. HP: 29/50 MP: 5/12
  5593 | D:5      | Gained mutation: Your flesh is cold resistant. (rC+) [White
                  | Draconian growth]
  6003 | D:5      | Killed Duvessa
  6145 | D:5      | Killed Dowan
  6405 | D:6      | Found a glowing drain.
  6425 | Sewer    | Entered a sewer
  6665 | Sewer    | Found a white marble altar of Elyvilon.
  6958 | D:6      | Noticed Edmund
  7100 | D:6      | Found Jootor's Gadget Boutique.
  7354 | D:6      | Reached XP level 8. HP: 57/57 MP: 6/14
  8739 | D:7      | Reached skill level 5 in Spellcasting
  9030 | D:7      | Found Huzicliv's Food Boutique.
  9051 | D:7      | Reached skill level 5 in Dodging
  9280 | D:7      | HP: 2/57 [poisoned by a killer bee]
  9286 | D:7      | HP: 2/57 [poisoned by a killer bee]
  9292 | D:7      | HP: 2/57 [poisoned by a killer bee]
  9499 | D:7      | Found a hazy altar of Hepliaklqana.
  9781 | D:7      | Reached skill level 5 in Evocations
  9933 | D:7      | Got a scorched cloak
  9934 | D:7      | Identified the +0 cloak of Duty {rC+ MR+ Dex-5 SInv} (You
                  | found it on level 7 of the Dungeon)
 10069 | D:7      | Reached XP level 9. HP: 62/62 MP: 16/16
 10191 | D:7      | Found a staircase to the Ecumenical Temple.
 10195 | Temple   | Entered the Ecumenical Temple
 10409 | Temple   | Became a worshipper of Ashenzari the Shackled
 10640 | D:8      | Found a staircase to the Lair.
 10669 | D:7      | Reached skill level 5 in Short Blades
 10988 | D:8      | Reached skill level 1 in Fighting
 11026 | D:8      | Found a sparkling altar of Nemelex Xobeh.
 11027 | D:8      | Found a stormy altar of Qazlal.
 11028 | D:8      | Found a sacrificial altar of Ru.
 11029 | D:8      | Found a deep blue altar of Sif Muna.
 11029 | D:8      | Found a blossoming altar of Fedhas.
 11140 | D:8      | Noticed Prince Ribbit
 11154 | D:8      | Found a basalt altar of Yredelemnul.
 11154 | D:8      | Noticed an orange demon
 11155 | D:8      | Noticed a red devil
 11162 | D:8      | Noticed a white ugly thing
 11278 | D:8      | Reached skill level 5 in Stealth
 11899 | D:8      | Killed Prince Ribbit
 12097 | D:8      | Reached XP level 10. HP: 71/80 MP: 9/17
 12165 | D:8      | Reached skill level 5 in Fighting
 12288 | Lair:1   | Entered Level 1 of the Lair of Beasts
 12305 | Lair:1   | Noticed a spiny frog
 12329 | Lair:1   | Killed a spiny frog
 12458 | Lair:1   | Noticed a six-headed hydra
 12702 | Lair:1   | Noticed a spiny frog
 12708 | Lair:1   | Killed a spiny frog
 12830 | Lair:1   | Noticed a spiny frog
 12840 | Lair:1   | Killed a spiny frog
 12884 | Lair:1   | Noticed a spiny frog
 12904 | Lair:1   | Killed a spiny frog
 13007 | Lair:1   | Noticed a spiny frog
 13266 | Lair:1   | Killed a spiny frog
 13673 | Lair:1   | Reached XP level 11. HP: 55/92 MP: 13/18
 14624 | Lair:2   | Noticed Fannar
 14758 | Lair:2   | Killed a black mamba
 14863 | Lair:2   | Gained mutation: You are weak. (Str -2) [mutagenic glow]
 15251 | Lair:2   | Killed Fannar
 15423 | Lair:3   | Reached * piety under Ashenzari
 15647 | Lair:3   | Noticed Sonja
 16526 | Lair:3   | Reached skill level 10 in Short Blades
 16612 | Lair:3   | Gained mutation: Scrolls take you a little longer to read.
                  | [mutagenic glow]
 16864 | Lair:3   | Killed Sonja
 16864 | Lair:3   | Reached XP level 12. HP: 45/105 MP: 15/19
 17433 | Lair:4   | Reached skill level 10 in Stealth
 17744 | Lair:4   | Reached skill level 10 in Fighting
 17956 | Lair:4   | Noticed a death yak
 17956 | Lair:4   | Noticed a death yak
 17956 | Lair:4   | Noticed a death yak
 17957 | Lair:4   | Killed a death yak
 17969 | Lair:3   | Killed a death yak
 17980 | Lair:3   | Killed a death yak
 17998 | Lair:4   | Found a staircase to the Swamp.
 19108 | Lair:4   | Found a staircase to the Snake Pit.
 20040 | Lair:4   | Reached skill level 10 in Evocations
 20076 | Lair:5   | Noticed night's ghost (journeyman GrGl)
 20108 | Lair:5   | Found a gate leading to a gauntlet.
 20228 | Gauntlet | Entered a Gauntlet
 20228 | Gauntlet | Found a transporter.
 20228 | Gauntlet | Found a transporter.
 20238 | Gauntlet | Found a transporter.
 20250 | Gauntlet | Found a transporter.
 20269 | Gauntlet | Found a transporter.
 20278 | Gauntlet | Found a transporter.
 20357 | Gauntlet | Found a transporter.
 20372 | Gauntlet | Found a transporter.
 20391 | Gauntlet | Found a transporter.
 20400 | Gauntlet | Found a transporter.
 20465 | Gauntlet | Found a transporter.
 20767 | Gauntlet | Got the uncursed pair of boots "Hoomimi" {MR+}
 20773 | Gauntlet | Identified the +2 pair of boots "Hoomimi" {MR+} (You found
                  | it in a Gauntlet)
 20787 | Gauntlet | Found a transporter.
 20797 | Gauntlet | Found a transporter.
 20868 | Gauntlet | Found a transporter.
 20869 | Gauntlet | Identified the +0 pair of boots of Courage {rF+ rN+ Str+2}
 20930 | Gauntlet | Reached XP level 13. HP: 85/113 MP: 20/20
 21039 | Gauntlet | Noticed a minotaur
 21067 | Gauntlet | Hit by a javelin of penetration thrown by a minotaur

Skill      XL: |  1  2  3  4  5  6  7  8  9 10 11 12 |
---------------+-------------------------------------+-----
Dodging        | 2 3 4 5 6 7 |  7.0
Conjurations   | 5 6 7 |  7.8
Spellcasting   | 3 4 5 |  5.0
Evocations     | 2 3 5 10 | 10.0
Short Blades   | 1 3 4 6 8 10 | 10.0
Stealth        | 4 6 8 9 10 | 10.0
Fighting       | 4 7 9 10 | 10.0

Action                   |  1- 3 |  4- 6 |  7- 9 | 10-12 | 13-15 || total
-------------------------+-------+-------+-------+-------+-------++-------
Melee: Club              |    10 |     1 |       |       |       ||    11
       Tailslap          |     2 |     3 |    20 |    98 |       ||   123
       Dagger            |       |    50 |   199 |   875 |     4 ||  1128
       Unarmed           |       |       |       |     6 |       ||     6
 Cast: Magic Dart        |    33 |   108 |    87 |    85 |       ||   313
       Searing Ray       |     3 |    18 |    35 |    33 |       ||    89
Invok: Curse Item        |       |       |     2 |     1 |       ||     3
 Abil: Breathe Frost     |       |       |     5 |     1 |       ||     6
       Evoke Invisibilit |       |       |     6 |    34 |     1 ||    41
Evoke: Wand              |       |       |       |     5 |       ||     5
  Use: Scroll            |       |     8 |    12 |     9 |       ||    29
       Potion            |       |       |     1 |       |       ||     1
 Stab: Sleeping          |       |       |     7 |    17 |       ||    24
       Invisible         |       |       |     5 |    58 |     1 ||    64
       Distracted        |       |       |       |     2 |       ||     2
  Eat: Chunk             |     3 |    13 |    22 |    27 |       ||    65
       Ration            |       |       |     1 |     4 |       ||     5
Armor: Skin              |     6 |    34 |    91 |   160 |     2 ||   293
Dodge: Dodged            |    14 |    45 |   240 |   505 |     4 ||   808
